 Dungeon Crawl Stone Soup version 0.19.1 (webtiles) character file.

4763 Krapule the Jinx (level 10, -7/74 HPs)
             Began as a Vampire Enchanter on Dec 12, 2016.
             Killed from afar by a molten gargoyle (22 damage)
             ... with a bolt of magma
             ... in a volcano.
             The game lasted 00:39:00 (9097 turns).

Krapule the Jinx (Vampire Enchanter)                Turns: 9097, Time: 00:39:01

Health: -7/74      AC: 11    Str: 12    XL:     10   Next: 23%
Magic:  2/16       EV: 18    Int: 18    God:
Gold:   386        SH:  0    Dex: 25    Spells: 3 memorised, 10 levels left

rFire  . . .     SeeInvis +     C - +2 dagger (drain)
rCold  . . .     Gourm    .     x - +4 leather armour of the Ecumenical Temple {Str+4 Dex+4 Stlth+}
rNeg   + . .     Faith    .     (no shield)
rPois  .         Spirit   .     s - +0 helmet
rElec  .         Reflect  .     (no cloak)
rCorr  .         Harm     .     k - +1 pair of gloves
MR     ++...                    o - +0 pair of boots
Stlth  ++++++....               A - amulet of regeneration
                                u - +4 ring of dexterity
                                w - ring of protection from magic

@: no status effects
A: fangs 3, see invisible, unbreathing
a: Bat Form


You were in a volcano.
You were not thirsty.

You visited 2 branches of the dungeon, and saw 9 of its levels.
You also visited: Sewer, Ossuary and Volcano.

You collected 386 gold pieces.

Inventory:

Hand Weapons
 C - a +2 dagger of draining (weapon)
 L - a +1 dagger of pain
Missiles
 z - 2 throwing nets (quivered)
Armour
 b - a +1 robe
 k - a +1 pair of gloves (worn)
 o - a +0 pair of boots (worn)
 p - a +0 robe of positive energy
 r - quicksilver dragon scales
 s - a +0 helmet (worn)
 x - the +4 leather armour of the Ecumenical Temple (worn) {Str+4 Dex+4 Stlth+}
   (You found it on level 4 of the Dungeon)

   It affects your strength (+4).
   It affects your dexterity (+4).
   It makes you more stealthy.
 I - a +1 robe of resistance
Jewellery
 u - a +4 ring of dexterity (right hand)
 v - an uncursed ring of flight
 w - a ring of protection from magic (left hand)
 A - an amulet of regeneration (around neck)
 M - a +3 ring of dexterity
Wands
 q - a wand of disintegration (14/24)
 K - a wand of confusion (27/48)
Scrolls
 a - 2 scrolls of magic mapping
 g - 2 scrolls of amnesia
 h - a scroll of fog
 i - 6 scrolls of remove curse
 l - 6 scrolls of teleportation
 y - a scroll of blinking
 E - 5 scrolls of enchant weapon {unknown}
 J - a scroll of immolation {unknown}
Potions
 d - 11 potions of blood
 e - 7 potions of curing
 f - 3 potions of heal wounds
 j - 4 potions of agility
 m - 4 potions of mutation
 n - 5 potions of flight
 t - 2 potions of brilliance
 B - 2 potions of berserk rage
 D - 3 potions of haste
 F - 2 potions of lignification {unknown}
 G - a potion of cure mutation {unknown}
 H - 2 potions of magic {unknown}
Books
 c - a book of Maledictions

   Spells                             Type                      Level
   a - Corona                         Hexes                        1
   b - Ensorcelled Hibernation        Hexes/Ice                    2
   c - Confuse                        Hexes                        3
   d - Tukima's Dance                 Hexes                        3
   e - Dazzling Spray                 Conjuration/Hexes            3


   Skills:
 - Level 5.0 Fighting
 + Level 6.7 Short Blades
 + Level 1.4 Armour
 + Level 7.1 Dodging
 + Level 10.1 Stealth
 - Level 4.0 Spellcasting
 - Level 12.0 Hexes


You had 10 spell levels left.
You knew the following spells:

 Your Spells              Type           Power        Failure   Level  Hunger
a - Corona                Hex            #####..      1%          1    None
e - Tukima's Dance        Hex            #####...     1%          3    ###....
z - Confuse               Hex            #####...     1%          3    ###....


Dungeon Overview and Level Annotations

Branches:
Dungeon (8/15)             Temple (0/1) D:7            Lair (1/6) D:8

Altars:
Ashenzari
Elyvilon
Fedhas
Makhleb
Yredelemnul

Shops:
D:7 *


Innate Abilities, Weirdness & Mutations

You have razor-sharp teeth.
You have supernaturally acute eyesight. (SInv)
You can survive without breathing.


Message History

Aiming: Confuse
Press: ? - help, Shift-Dir - straight line, f/p - molten gargoyle
Aim: a molten gargoyle (chance to defeat MR: 36%)
The molten gargoyle easily resists.
The molten gargoyle blasts magma at you!
The bolt of magma hits you!
Casting: Confuse
Confirm with . or Enter, or press ? or * to list all spells.
Aiming: Confuse
Press: ? - help, Shift-Dir - straight line, f/p - molten gargoyle
Aim: a molten gargoyle (chance to defeat MR: 36%)
The molten gargoyle easily resists.
The molten gargoyle hits you!
You are engulfed in flames!
* * * LOW HITPOINT WARNING * * *
Casting: Confuse
Confirm with . or Enter, or press ? or * to list all spells.
You don't have enough magic to cast that spell.
The molten gargoyle blasts magma at you!
The bolt of magma hits you!
You die...

##§§## ##
#≈≈..### ##.
#≈≈≈≈..# #..
#≈≈≈≈≈.#
#.###≈≈≈≈.##
#.##≈≈§.##
##'###'##
##.(#.#..##
#....9.@..##
#...∩..)∩...#
#.....≈≈...##
##≈≈≈≈≈≈.≈≈#
##≈≈≈≈≈≈≈##
#########


You could see a molten gargoyle and a friendly dire flail.

Vanquished Creatures
  2 hippogriffs (D:8)
  2 fire elementals (Volcano)
  A water moccasin (D:7)
  2 ice beasts (D:5)
  An orc warrior (D:7)
  A hornet zombie (Ossuary)
  2 black bears (D:8)
  5 ogres
  2 phantoms (D:4)
  A centaur (D:5)
  A wyvern zombie (Ossuary)
  2 bullfrogs
  An earth elemental (Volcano)
  A scorpion (D:8)
  A wight (D:8)
  2 bullfrog zombies (D:6)
  A centaur zombie (Ossuary)
  3 crimson imps
  A jelly (D:6)
  3 hounds
  3 orc priests
  5 orc wizards
  A bullfrog skeleton (D:5)
  Terence (D:3)
  Jessica (D:3)
  Ijyb (D:3)
  3 iguanas
  4 worker ants
  4 hound zombies
  13 mummies (Ossuary)
  5 worker ant zombies
  Robin (D:3)
  A howler monkey skeleton (D:8)
  7 gnolls
  7 adders
  A shadow imp (D:7)
  2 oozes
  2 adder zombies (Ossuary)
  An adder skeleton (D:6)
  A worm (D:2)
  2 dart slugs
  12 leopard geckos
  18 orcs
  7 ball pythons
  11 giant cockroaches
  16 goblins
  11 hobgoblins
  17 jackals
  6 kobolds
  2 quokkas
  13 bats
  6 frilled lizards
  2 giant cockroach zombies (Ossuary)
  3 jackal zombies
  A leopard gecko skeleton (D:4)
  3 leopard gecko zombies
  2 quokka zombies (Ossuary)
  10 rats
241 creatures vanquished.

Vanquished Creatures (collateral kills)
  Erica (D:8)
  An efreet (Volcano)
  An ogre (D:4)
  3 wights (D:8)
  2 orc priests
  An orc wizard (D:7)
  A gnoll (D:6)
  An orc (D:7)
11 creatures vanquished.

Vanquished Creatures (others)
  2 withered plants (Ossuary)
2 creatures vanquished.

Grand Total: 254 creatures vanquished

Notes
Turn   | Place    | Note
-------+----------+-------------------------------------------
     0 | D:1      | Krapule the Vampire Enchanter began the quest for the Orb.
     0 | D:1      | Reached XP level 1. HP: 13/13 MP: 3/3
   548 | D:1      | Reached XP level 2. HP: 13/20 MP: 3/5
   878 | D:1      | Reached XP level 3. HP: 24/25 MP: 6/6
   896 | D:1      | Reached skill level 5 in Hexes
  1326 | D:1      | Learned a level 3 spell: Confuse
  1739 | D:1      | Reached XP level 4. HP: 28/31 MP: 3/7
  1848 | D:2      | Reached skill level 1 in Fighting
  2406 | D:3      | Noticed Terence
  2477 | D:3      | Killed Terence
  2477 | D:3      | Reached skill level 5 in Stealth
  2477 | D:3      | Reached skill level 6 in Hexes
  2477 | D:3      | Reached XP level 5. HP: 21/37 MP: 1/9
  2521 | D:3      | Found a glowing drain.
  2525 | Sewer    | Entered a sewer
  3250 | D:3      | Noticed Ijyb
  3260 | D:3      | Killed Ijyb
  3659 | D:3      | Noticed Jessica
  3681 | D:3      | Killed Jessica
  3681 | D:3      | Reached XP level 6. HP: 43/43 MP: 5/10
  3748 | D:3      | Noticed Robin
  3804 | D:3      | Killed Robin
  4015 | D:3      | Found a blossoming altar of Fedhas.
  4015 | D:3      | Found a white marble altar of Elyvilon.
  4359 | D:4      | Reached skill level 7 in Hexes
  4366 | D:4      | Learned a level 3 spell: Tukima's Dance
  4588 | D:4      | Found a burning altar of Makhleb.
  4709 | D:4      | Reached XP level 7. HP: 44/50 MP: 1/12
  4833 | D:4      | Got a heavily runed leather armour
  4844 | D:4      | Identified the +4 leather armour of the Ecumenical Temple {Str+4 Dex+4 Stlth+} (You found it on level 4 of the Dungeon)
  5431 | D:5      | Entered Level 5 of the Dungeon
  5711 | D:5      | Reached skill level 8 in Hexes
  5774 | D:5      | Reached XP level 8. HP: 57/57 MP: 10/14
  6070 | D:5      | Reached skill level 9 in Hexes
  6177 | D:6      | Found a basalt altar of Yredelemnul.
  6293 | D:6      | Reached skill level 5 in Dodging
  6590 | D:7      | Found a staircase to the Ecumenical Temple.
  6724 | D:7      | Found a sand-covered staircase.
  6729 | Ossuary  | Entered an ossuary
  6801 | Ossuary  | Reached skill level 10 in Hexes
  6927 | Ossuary  | Reached XP level 9. HP: 20/65 MP: 15/15
  6991 | Ossuary  | Reached skill level 5 in Short Blades
  7521 | D:7      | Found a shattered altar of Ashenzari.
  7998 | D:7      | Found Wycseb's General Store.
  8124 | D:8      | Noticed Erica
  8134 | D:8      | Killed Erica
  8134 | D:8      | Reached skill level 11 in Hexes
  8150 | D:8      | Found a staircase to the Lair.
  8505 | D:8      | Reached skill level 5 in Fighting
  8578 | D:8      | Reached XP level 10. HP: 74/74 MP: 16/16
  8751 | D:8      | Reached skill level 12 in Hexes
  8946 | Lair:1   | Entered Level 1 of the Lair of Beasts
  8967 | Lair:1   | Found a dark tunnel.
  8976 | Volcano  | Entered a volcano
  8982 | Volcano  | Reached skill level 1 in Armour
  9008 | Volcano  | Reached skill level 10 in Stealth
  9083 | Volcano  | Noticed a molten gargoyle
  9097 | Volcano  | Killed from afar by a molten gargoyle

Skill      XL: |  1  2  3  4  5  6  7  8  9 10 |
---------------+-------------------------------+-----
Hexes          | 5 6 7 8 10 11 12 | 12.0
Short Blades   | 2 3 4 6 |  6.7
Fighting       | 1 2 4 5 |  5.0
Stealth        | 5 6 8 9 10 | 10.1
Dodging        | 3 4 5 6 7 |  7.1
Spellcasting   | 3 4 |  4.0
Armour         | 1 |  1.4

Action                   |  1- 3 |  4- 6 |  7- 9 | 10-12 || total
-------------------------+-------+-------+-------+-------++-------
Melee: Dagger            |   151 |   454 |   534 |    31 ||  1170
       Bite              |    10 |    33 |    99 |     7 ||   149
Throw: Throwing net      |       |     1 |       |       ||     1
 Cast: Corona            |    11 |     4 |       |       ||    15
       Confuse           |     4 |    29 |    34 |     8 ||    75
       Tukima's Dance    |       |       |    21 |     6 ||    27
  Use: Potion            |     7 |    17 |    17 |     2 ||    43
       Scroll            |       |     3 |    11 |     1 ||    15
 Stab: Sleeping          |     4 |     6 |    26 |     5 ||    41
       Confused          |     1 |    13 |    23 |     3 ||    40
       Distracted        |       |     1 |     6 |       ||     7
       Held in net/web   |       |       |     1 |       ||     1
Armor: Robe              |    26 |    92 |       |       ||   118
       Quicksilver drago |       |    68 |     1 |       ||    69
       Leather armour    |       |       |    96 |     4 ||   100
Dodge: Dodged            |    95 |   284 |   271 |    22 ||   672
